 Dungeon Crawl Stone Soup version 0.13-a0-2672-g649a1be (webtiles) character file.

643 Dirian the Cleaver (level 7, 0/59 HPs)
             Began as a Minotaur Fighter on Aug 11, 2013.
             Slain by an ogre
             ... wielding a cursed +0,-1 giant spiked club
              (23 damage)
             ... on Level 4 of the Dungeon.
             The game lasted 00:10:40 (3244 turns).

Dirian the Cleaver (Minotaur Fighter)               Turns: 3244, Time: 00:10:40

HP   0/59        AC 12     Str 22      XL: 7   Next:  7%
MP   2/2         EV  3     Int  5      God:
Gold 95          SH 19     Dex 10      Spells:  0 memorised,  6 levels left

Res.Fire  : + . .   See Invis. : .   a - +0,+1 hand axe {=f}
Res.Cold  : . . .   Warding    : .   e - +0 plate armour
Life Prot.: . . .   Conserve   : +   c - +0 shield
Res.Poison: .       Res.Corr.  : .   (helmet restricted)
Res.Elec. : .       Clarity    : .   (no cloak)
Sust.Abil.: . .     Spirit.Shd : .   (no gloves)
Res.Mut.  : .       Stasis     : .   q - +0 pair of orc boots
Res.Rott. : .       Flight     : .   j - amulet of conservation
Saprovore : . . .                    (no ring)
                                     v - ring of protection from fire {unknown}

@: slightly resistant to hostile enchantments, extremely unstealthy
A: retaliatory headbutt, horns 2
a: no special abilities


You were on level 4 of the Dungeon.
You were hungry.

You visited 1 branch of the dungeon, and saw 4 of its levels.

You collected 75 gold pieces.

Inventory:

Hand weapons
 a - a +0,+1 hand axe (weapon) {=f}
Armour
 c - a +0 shield (worn)
 e - a +0 plate armour (worn)
 q - a +0 pair of orcish boots (worn)
Comestibles
 d - 4 bread rations
 i - 4 meat rations
 l - a pear
Scrolls
 g - a scroll of enchant weapon II
 h - 4 scrolls of identify
 k - 2 scrolls of remove curse
 m - a scroll of fog {unknown}
 n - 2 scrolls of teleportation {unknown}
 p - a scroll of curse weapon {unknown}
 r - a scroll of amnesia {unknown}
 w - a scroll of curse jewellery {unknown}
Jewellery
 j - an amulet of conservation (around neck)
 o - an uncursed ring of teleportation
 v - a ring of protection from fire (left hand) {unknown}
Potions
 b - a potion of speed {unknown}
 f - 2 potions of curing


   Skills:
 - Level 3.6 Fighting
 * Level 9.3 Axes
 - Level 3.6 Armour
 - Level 3.6 Shields


You had 6 spell levels left.
You didn't know any spells.

Dungeon Overview and Level Annotations

Branches:
Dungeon (4/27)
 Temple: D:4-7

Altars:
Kikubaaqudgha
Sif Muna


Innate Abilities, Weirdness & Mutations

You reflexively headbutt those who attack you in melee.
You have a pair of horns on your head.


Message History

You hit the ogre.
The ogre is lightly wounded.
The ogre hits you with a giant spiked club.
You hit the ogre.
The ogre is lightly wounded.
The ogre hits you with a giant spiked club!
You hit the ogre.
The ogre is lightly wounded.
You hit the ogre.
The ogre is moderately wounded.
You block the ogre's attack.
You hit the ogre.
The ogre is moderately wounded.
You hit the ogre.
The ogre is heavily wounded.
The ogre hits you with a giant spiked club!
Your plate armour prevents you from hitting the ogre.
The ogre is heavily wounded.
The ogre hits you with a giant spiked club!
You die...

##.#.#.#.#'#.#.#.#.#.#.#.#.#.
..#.#.#.#...#.#.#.#.#...#.#..
#............#.#.#.#.....#.#.
............>.................
#.......O....#.#...#....#.#..
#......#####.#.#.............
#...... #.#.#.#.#.........
#...... #O#...............
#...... #@#.#)#........#..
###### #.#.#.#.##.##..#..
##.#########.#.#.#.#..##..#..
#.##................#.#......#..
#.##....#####.......#.#.##...#..
#.#.....................##...#..
#.#.....#.###.#.#...#.#.##....#.
#.#.#...........##..#.#.##......
#.#.#..######.####............#.


You could see an ogre.

Vanquished Creatures
  A sky beast (D:4)
  A phantom (D:4)
  Duvessa (D:4)
  Dowan (D:4)
  An orc priest (D:3)
  2 worker ants
  6 adders
  A giant mite (D:1)
  3 worms
  5 giant geckos
  An ooze (D:3)
  4 orcs (D:3)
  12 bats
  3 giant cockroaches (D:1)
  13 hobgoblins
  10 kobolds
  A quokka (D:3)
  A ball python (D:2)
  6 giant newts
  10 goblins
  7 jackals
  6 rats
96 creatures vanquished.

Notes
Turn   | Place    | Note
--------------------------------------------------------------
     0 | D:1      | Dirian, the Minotaur Fighter, began the quest for the Orb.
     0 | D:1      | Reached XP level 1. HP: 19/19 MP: 0/0
   132 | D:1      | Reached XP level 2. HP: 24/26 MP: 0/0
   195 | D:1      | Reached skill level 4 in Axes
   331 | D:1      | Reached XP level 3. HP: 31/33 MP: 1/1
   756 | D:2      | Reached skill level 5 in Axes
  1041 | D:2      | Reached XP level 4. HP: 36/39 MP: 1/1
  1573 | D:3      | Reached skill level 6 in Axes
  1581 | D:3      | Reached XP level 5. HP: 10/46 MP: 1/1
  2017 | D:3      | Reached skill level 7 in Axes
  2220 | D:3      | Found an ancient bone altar of Kikubaaqudgha.
  2222 | D:3      | Found a deep blue altar of Sif Muna.
  2636 | D:4      | Noticed Dowan
  2708 | D:4      | Noticed a phantom
  2726 | D:4      | Noticed Duvessa
  2738 | D:4      | Killed Duvessa
  2738 | D:4      | Reached XP level 6. HP: 49/52 MP: 2/2
  2758 | D:4      | Killed Dowan
  2758 | D:4      | Reached skill level 8 in Axes
  2843 | D:4      | Killed a phantom
  3217 | D:4      | Noticed a sky beast
  3219 | D:4      | Noticed an ogre
  3237 | D:4      | Killed a sky beast
  3237 | D:4      | Reached skill level 9 in Axes
  3237 | D:4      | Reached XP level 7. HP: 59/59 MP: 2/2
  3244 | D:4      | Slain by an ogre

Action                   |  1- 3 |  4- 6 |  7- 9 || total
-------------------------+-------+-------+-------++-------
Melee: Hand axe          |   130 |   191 |     7 ||   328
  Use: Potion            |     2 |     3 |       ||     5
       Scroll            |       |     3 |       ||     3
